 Dungeon Crawl Stone Soup version 0.27-a0-1060-gcb85b5eba1 (webtiles) character file.

Game seed: 18224857056842128938

2 siradein the Slasher (level 1, 0/16 HPs)
             Began as a Demonspawn Gladiator on Apr 21, 2021.
             Succumbed to a kobold's poison
             ... on level 1 of the Dungeon.
             The game lasted 00:00:19 (154 turns).

siradein the Slasher (Demonspawn Gladiator)          Turns: 154, Time: 00:00:19

Health: 0/16       AC:  4    Str: 14    XL:     1   Next: 33%
Magic:  1/1        EV: 12    Int:  9    God:
Gold:   33         SH:  0    Dex: 14    Spells: 0/0 levels left

rFire    . . .     SeeInvis .   a - +0 long sword
rCold    . . .     Faith    .   (no shield)
rNeg     . . .     Spirit   .   b - +0 leather armour
rPois    .         Reflect  .   c - +0 helmet
rElec    .         Harm     .   (no cloak)
rCorr    .         Rampage  .   (no gloves)
Will     .....                  (no boots)
Stlth    +.........             (no amulet)
HPRegen  0.05/turn              (no ring)
MPRegen  0.07/turn              (no ring)

@: lethally poisoned (0 -> -1)
A: no striking features
a: no special abilities


You were on level 1 of the Dungeon.
You visited 1 branch of the dungeon, and saw 1 of its levels.

You collected 33 gold pieces.

Inventory:

Hand Weapons
 a - a +0 long sword (weapon)
Missiles
 d - 3 throwing nets (quivered)
Armour
 b - a +0 leather armour (worn)
 c - a +0 helmet (worn)
Potions
 e - a potion of curing {unknown}


   Skills:
 + Level 2.0 Fighting
 + Level 2.7 Long Blades
 + Level 1.8 Throwing
 + Level 2.7 Dodging


You couldn't memorise any spells.
You didn't know any spells.
Your spell library contained the following spells:

 Spells                   Type           Power      Damage    Failure   Level
 Magic Dart               Conj           0%         1d3       45%         1
 Searing Ray              Conj           0%         3d3       61%         2
 Dazzling Flash           Conj/Hex       0%         N/A       83%         3
 Fulminant Prism          Conj/Hex       0%         3d6       99%         4
 Iskenderun's Mystic Bla  Conj/Tloc      0%         2d3       99%         4


Dungeon Overview and Level Annotations

Branches:
Dungeon (1/15)

Altars:


Message History

You open the door.
A kobold comes into view. It is wielding a +1 dagger of venom.
The kobold shouts!
A kobold is nearby!
A kobold is nearby!
A kobold is nearby!
A kobold is nearby!
An endoplasm comes into view.
There is an open door here.
A dart slug comes into view.
The endoplasm quivers.
Found a scroll labelled GAMUFI XUCWEY.
A frilled lizard comes into view.
The frilled lizard hisses angrily.
You hit the kobold but do no damage. The kobold closely misses you.
You riposte.
You barely miss the kobold.
The kobold hits you with a +1 dagger of venom.
You are poisoned.
You closely miss the kobold.
You feel very sick. The kobold barely misses you.
You closely miss the kobold.
You feel sick. The kobold misses you.
You riposte.
You hit the kobold.
You kill the kobold!
The endoplasm freezes you.
You are frozen.
You are too injured to fight recklessly!
You feel sick.
You feel sick. The endoplasm freezes you.
You are frozen.
* * * LOW HITPOINT WARNING * * *
There is an open door here.
* * * LOW HITPOINT WARNING * * *
You feel sick.
* * * LOW HITPOINT WARNING * * *
You feel sick.
* * * LOW HITPOINT WARNING * * *
You feel sick.
You die...

#........ . #.......
.. #....?. ...
#..... ....##....
.........#
.........#
......).w#########
..##+##
.........l.J.@...#
#.....#
.........#######.#
#.....# ....######
#.# #.....# ###
#.###.....#
######...##....#
#..............#
#.............#
#..........)..######
#...................


You could see a dart slug, an endoplasm and a frilled lizard.

Vanquished Creatures
  A giant cockroach (D:1)
  2 kobolds (D:1)
3 creatures vanquished.

Notes
Turn   | Place    | Note
-------+----------+-------------------------------------------
     0 | D:1      | siradein the Demonspawn Gladiator began the quest for the
                  | Orb.
     0 | D:1      | Reached XP level 1. HP: 16/16 MP: 1/1
   154 | D:1      | Succumbed to a kobold's poison

Illustrated notes

Levels and vault maps discovered:
D:1:      lightli_arrival_chessboard, layout_basic

Action                   || total
-------------------------++-------
Melee: Long sword        ||    10
Armor: Leather armour    ||     5
Dodge: Dodged            ||     8
       Rpst.: Long sword ||     3

Table legend: (Time is in decaauts)
 A = Elapsed time spent in this place.
 B = Non-inter-level travel time spent in this place.
 C = Inter-level travel time spent in this place.
 D = Time resting spent in this place.
 E = Time spent auto-exploring this place.
 F = Levels seen in this place.
 G = Mean time per level.
                   A        B        C        D        E       F      G
               +--------+--------+--------+--------+--------+-----+--------+
         Total |    156 |    156 |      0 |      0 |    129 |   1 |  156.0 |
       Dungeon |    156 |    156 |      0 |      0 |    129 |   1 |  156.0 |
               +--------+--------+--------+--------+--------+-----+--------+

Top non-repeatable levels by time:
     D:1: 156 daAuts
